 Dungeon Crawl Stone Soup version 0.17-a0-1942-g46ae386 (webtiles) character file.

74 ololoev the Slasher (level 4, 0/31 HPs)
             Began as a High Elf Fighter on Sept 30, 2015.
             Slain by an adder (1 damage)
             ... on level 3 of the Dungeon.
             The game lasted 00:03:30 (619 turns).

ololoev the Slasher (High Elf Fighter)               Turns: 619, Time: 00:03:30

Health: 0/31       AC:  6    Str: 21      XL:     4   Next: 9%
Magic:  5/5        EV:  7    Int:  9 (11) God:
Gold:   103        SH:  9    Dex: 15      Spells: 0 memorised, 3 levels left

rFire  . . .     SeeInvis .     a - +0 long sword
rCold  . . .     Clarity  .     b - +0 scale mail
rNeg   . . .     SustAt   .     c - +0 shield
rPois  .         Gourm    .     (no helmet)
rElec  .         Spirit   .     (no cloak)
rCorr  .         Warding  .     (no gloves)
rMut   .         Stasis   .     (no boots)
MR     .....                    (no amulet)
Stlth  ..........               (no ring)
                                (no ring)

@: mighty, lethally poisoned (0 -> -6), not resistant to hostile enchantments,
extremely unstealthy
A: no striking features
a: no special abilities

Inventory:

Hand weapons
 a - a +0 long sword (weapon)
Armour
 b - a +0 scale mail (worn)
 c - a +0 shield (worn)
Scrolls
 g - a scroll of fog {unknown}
 i - a scroll of amnesia {unknown}
 j - a scroll of noise {unknown}
 k - a scroll of teleportation {unknown}
 l - a scroll of identify {unknown}
 m - a scroll of immolation {unknown}
Comestibles
 d - a chunk of flesh
 e - 4 bread rations


   Skills:
 + Level 3.3 Fighting
 * Level 4.6 Long Blades
 + Level 3.0 Armour
 - Level 2.6 Shields


You had 3 spell levels left.
You didn't know any spells.


You were on level 3 of the Dungeon.
You were not hungry.

You visited 1 branch of the dungeon, and saw 5 of its levels.

You collected 103 gold pieces.

!....l ..... # ....# #..#
# ...# #..#### #..#
##.#.... ###..# #.......
..##..>.# #.......
#.......S##########.......
###......@...÷............
#.......#######.........
#............†>)#.......
.......................(.
..#.......############....
###.......# #....
#.......# ##### ##.....##

Notes
Turn   | Place    | Note
--------------------------------------------------------------
     0 | D:1      | ololoev the High Elf Fighter began the quest for the Orb.
     0 | D:1      | Reached XP level 1. HP: 16/16 MP: 2/2
    92 | D:1      | Reached XP level 2. HP: 14/21 MP: 3/3
   255 | D:2      | Reached XP level 3. HP: 26/26 MP: 4/4
   362 | D:2      | Found a basalt altar of Yredelemnul.
   406 | D:2      | Reached skill level 4 in Long Blades
   560 | D:4      | Reached XP level 4. HP: 17/31 MP: 5/5
   578 | D:5      | Entered Level 5 of the Dungeon
   593 | D:4      | Noticed a scorpion
   618 | D:3      | HP: 1/31 [adder (3)]
   619 | D:3      | Slain by an adder

Dungeon Overview and Level Annotations

Branches:
Dungeon (5/15)
 Temple: D:4-7

Altars:
Yredelemnul


Message History

There is a stone staircase leading up here.
You feel sick.
You climb upwards.
There is a stone staircase leading down here.
You feel sick.
You feel sick.
You feel sick.
Found 8 gold pieces.
A scorpion comes into view.
You feel sick.
You are no longer poisoned.
There is a stone staircase leading up here.
You climb upwards.
The hobgoblin shouts!
A worm comes into view.
You hear a shout!
A giant newt comes into view.
There is a stone staircase leading down here.
Found a glowing grey potion.
Drink which item? (? for menu, Esc to quit)
You feel very mighty all of a sudden.
You slash the worm!
The worm is heavily wounded.
You slash the worm!
You kill the worm!
You slash the hobgoblin!
You kill the hobgoblin!
You hit the giant newt.
You kill the giant newt!
You see here a giant newt corpse.
You butcher the giant newt corpse.
d - a chunk of flesh You see here a giant newt skeleton.
An adder comes into view.
You block the adder's attack.
You completely miss the adder. The adder bites you.
You are lethally poisoned!
The adder poisons you! You block the adder's attack.
You closely miss the adder.
You feel sick. The adder bites you.
You die...

You could see an adder.

Vanquished Creatures
  A worker ant (D:4)
  An adder (D:2)
  3 worms
  3 ball pythons
  2 giant cockroaches
  4 goblins
  3 hobgoblins
  7 kobolds
  3 bats
  2 giant newts
  3 rats
32 creatures vanquished.

Action                   |  1- 3 |  4- 6 || total
-------------------------+-------+-------++-------
Melee: Long sword        |    93 |     6 ||    99
  Use: Potion            |     1 |     2 ||     3

Vault maps used:
D:1:      sevenhm_arrival_forest_fort_large_1
D:2:      nicolae_overflow_hidden_temple, overflow_temple_1_default,
          nicolae_ru_the_path_less_chosen, kennysheep_cluttered_room,
          kennysheep_crisscross, minmay_misc_feat_nine_boxes
D:3:      overflow_temple_1_default, first_bread, minmay_goblin_outpost
D:4:      kennysheep_little_box, zin_angel, nicolae_qazlal_style_of_elements
D:5:      serial_undead, serial_undead_f, serial_undead_a, serial_undead_c,
          serial_undead_f, serial_undead_c, serial_undead_f, roderic_batcave,
          nrook_pool_corridor, patterned_corridor
